 Dungeon Crawl Stone Soup version 0.32-a0-473-gd044c6f0f0 (webtiles) character file.

Game seed: 4626668770289021118

1936532 octoduck the Slayer (level 27, 268/268 HPs)
             Began as a Mountain Dwarf Fighter on Feb 19, 2024.
             Was an Elder of Yredelemnul.
             Escaped with the Orb
             ... and 4 runes on Feb 25, 2024!
             The game lasted 06:39:38 (98261 turns).

octoduck the Slayer (Mountain Dwarf Fighter)       Turns: 98261, Time: 06:39:39

Health: 268/268    AC: 39    Str: 28      XL:     27
Magic:  34/34      EV:  9    Int: 19 (20) God:    Yredelemnul [****..]
Gold:   7190       SH: 37    Dex: 11 (12) Spells: 12/36 levels left

rFire   + + .        y - +9 broad axe (elec)
rCold   + + .        e - +7 tower shield {reflect}
rNeg    + . .        x - +10 plate armour of the Chimera {rF+}
rPois   +            s - +2 helmet of Polish {rC+++ Will++ Dex-3}
rElec   +            t - +0 cloak {rPois}
rCorr   .            r - +0 pair of gloves of Resonance {rElec}
SInv    +            A - +2 pair of boots
Will    ++++.        K - brooch of Shielding {Spirit SH+8} Stlth
                     a - ring of Ru's Approval {rF+ rN+ SInv}
HPRegen 0.64/turn    n - ring "Uno Voti" {Str+5 Int+3 Dex+6}
MPRegen 0.24/turn

%: reflection, clarity, guardian spirit
@: wreathed by umbra
A: runic magic, artefact enchanting, camouflage 2, clarity, deformed body,
deterioration 1, screaming 1, weak 1, cold vulnerability 1
0: Orb of Zot
}: 4/15 runes: decaying, slimy, silver, gossamer
a: Renounce Religion, Light the Black Torch, Recall Undead Harvest, Hurl
Torchlight, Bind Soul


You escaped.
You worshipped Yredelemnul.
Yredelemnul was pleased with you.
You visited 12 branches of the dungeon, and saw 56 of its levels.
You visited 1 bazaar.
You also visited: Trove, Bailey, Ice Cave and Wizlab.

You collected 9561 gold pieces.
You spent 2371 gold pieces at shops.

Inventory:

Hand Weapons
 y - a +9 broad axe of electrocution (weapon)
Armour
 e - a +7 tower shield of reflection (worn)
 r - the +0 pair of gloves of Resonance (worn) {rElec}
   (You bought it in a shop in a bazaar)

   rElec:     It insulates you from electricity.
 s - the +2 helmet of Polish (worn) {rC+++ Will++ Dex-3}
   (You acquired it on level 2 of the Swamp)

   Dex-3:     It affects your dexterity (-3).
   rC+++:     It renders you almost immune to cold.
   Will++:    It greatly increases your willpower.
 t - a +0 cloak of poison resistance (worn)
 x - the +10 plate armour of the Chimera (worn) {rF+}
   (You bought it in a shop on level 2 of the Orcish Mines)

   rF+:       It protects you from fire.
 A - a +2 pair of boots (worn)
Jewellery
 a - the ring of Ru's Approval (left hand) {rF+ rN+ SInv}
   (You found it on level 3 of the Crypt)

   [ring of positive energy]

   rF+:       It protects you from fire.
   rN+:       It protects you from negative energy.
   SInv:      It lets you see invisible.
 n - the ring "Uno Voti" (right hand) {Str+5 Int+3 Dex+6}
   (You took it off a deep elf demonologist on level 3 of the Elven Halls)

   [ring of dexterity]

   Str+5:     It affects your strength (+5).
   Int+3:     It affects your intelligence (+3).
   Dex+6:     It affects your dexterity (+6).
 p - a ring of positive energy
 F - a ring of resist corrosion
 K - the brooch of Shielding (around neck) {Spirit SH+8}
   (You found it on level 13 of the Dungeon)

   [amulet of guardian spirit]

   Spirit:    It causes incoming damage to be divided between your reserves of
   health and magic.
   SH+8:      It affects your SH (+8).
 R - a ring of flight
Wands
 c - a wand of polymorph (41)
 l - a wand of iceblast (63)
 E - a wand of mindburst (46)
 G - a wand of light (5)
 I - a wand of charming (86)
 Q - a wand of flame (7)
 Y - a wand of digging (36)
Scrolls
 b - 2 scrolls of immolation
 g - 5 scrolls of enchant armour
 k - a scroll of summoning
 q - 20 scrolls of teleportation
 u - 10 scrolls of amnesia
 B - 3 scrolls of enchant weapon
 C - 5 scrolls of silence
 D - 12 scrolls of poison
 M - 11 scrolls of vulnerability
 N - 5 scrolls of fear
Potions
 d - 9 potions of might
 f - 9 potions of brilliance
 h - 8 potions of berserk rage
 i - 4 potions of cancellation
 j - 4 potions of haste
 m - 6 potions of curing
 v - 5 potions of mutation
 L - 2 potions of lignification
 O - 5 potions of resistance
 P - 6 potions of attraction
 Z - 7 potions of enlightenment
Miscellaneous
 z - a phial of floods
 H - a tin of tremorstones (2/2)
 T - a lightning rod (4/4)
 V - a sack of spiders (inert)
 X - a phantom mirror


   Skills:
 + Level 25.8 Fighting
 - Level 18.0 Axes
 + Level 25.7 Armour
 + Level 23.0 Shields
 * Level 5.3 Spellcasting
 + Level 17.3 Summonings
 + Level 18.5 Necromancy
 - Level 6.5 Translocations
 - Level 10.0 Earth Magic
 - Level 15.8 Invocations
 - Level 8.1 Evocations


You had 12 spell levels left.
You knew the following spells:

 Your Spells              Type           Power      Damage    Failure   Level
a - Summon Forest         Summ/Tloc      25%        N/A       4%          5
b - Animate Armour        Summ/Erth      100%       N/A       1%          4
c - Haunt                 Necr/Summ      32%        N/A       11%         7
d - Fugue of the Fallen   Necr           66%        N/A       1%          3
e - Borgnjor's Vile Clut  Necr/Erth      28%        N/A       1%          5

Your spell library contained the following spells:

 Spells                   Type           Power      Damage    Failure   Level
 Necrotise                Necr           100%       1d9       0%          1
 Summon Small Mammal      Summ           100%       N/A       0%          1
 Sublimation of Blood     Necr           66%        N/A       0%          2
 Apportation              Tloc           60%        N/A       1%          1
 Kiss of Death            Conj/Necr      100%       2d13      1%          1
 Call Imp                 Summ           100%       N/A       1%          2
 Call Canine Familiar     Summ           63%        N/A       1%          3
 Passwall                 Erth           43%        N/A       1%          3
 Summon Ice Beast         Ice/Summ       38%        N/A       1%          3
 Vampiric Draining        Necr           66%        2d10      1%          3
 Martyr's Knell           Necr/Summ      65%        N/A       1%          4
 Curse of Agony           Necr           66%        N/A       1%          5
 Summon Cactus Giant      Summ           31%        N/A       2%          6
 Gell's Gravitas          Tloc           30%        N/A       4%          3
 Teleport Other           Tloc           30%        N/A       4%          3
 Anguish                  Hex/Necr       20%        N/A       4%          4
 Summon Blazeheart Golem  Fire/Summ      38%        N/A       6%          4
 Summon Lightning Spire   Summ/Air       38%        N/A       6%          4
 Stone Arrow              Conj/Erth      48%        3d10      8%          3
 Lee's Rapid Deconstruct  Erth           21%        3d12*     10%         5
 Passage of Golubria      Tloc           30%        N/A       14%         4
 Monstrous Menagerie      Summ           31%        N/A       14%         7
 Summon Hydra             Summ           31%        N/A       14%         7
 Summon Mana Viper        Hex/Summ       38%        N/A       16%         5
 Foxfire                  Conj/Fire      20%        2x1d5     21%         1
 Freeze                   Ice            20%        1d4       21%         1
 Shock                    Conj/Air       20%        1d4       21%         1
 Slow                     Hex            20%        N/A       21%         1
 Sting                    Conj/Alch      20%        1d4       21%         1
 Brom's Barrelling Bould  Conj/Erth      24%        2d5       26%         4
 Leda's Liquefaction      Alch/Erth      12%        N/A       26%         4
 Petrify                  Alch/Erth      24%        N/A       26%         4
 Ensorcelled Hibernation  Hex/Ice        10%        N/A       30%         2
 Jinxbite                 Hex            10%        N/A       30%         2
 Mercury Vapours          Alch/Air       10%        N/A       30%         2
 Static Discharge         Conj/Air       10%        3-4/arc   30%         2
 Vhi's Electric Charge    Tloc/Air       34%        N/A       47%         4
 Confusing Touch          Hex            5%         N/A       52%         3
 Frozen Ramparts          Ice            10%        1d2       52%         3
 Hailstorm                Conj/Ice       5%         3d5       52%         3
 Inner Flame              Hex/Fire       5%         N/A       52%         3
 Mephitic Cloud           Conj/Alch/Air  5%         N/A       52%         3
 Sigil of Binding         Hex            5%         N/A       52%         3
 Swiftness                Air            5%         N/A       52%         3
 Tukima's Dance           Hex            5%         N/A       52%         3
 Infestation              Necr           33%        N/A       54%         8
 Summon Horrible Things   Summ           31%        N/A       73%         8
 Malign Gateway           Summ/Tloc      25%        N/A       78%         7
 Airstrike                Air            2%         2d(1-17)  90%         4
 Cause Fear               Hex            2%         N/A       90%         4
 Flame Wave               Conj/Fire      5%         2d5       90%         4
 Olgreb's Toxic Radiance  Alch           5%         N/A       90%         4
 Sticky Flame             Fire/Alch      5%         2d4       90%         4
 Dispersal                Tloc           15%        N/A       91%         6
 Alistair's Intoxication  Alch           3%         N/A       99%         5
 Arcjolt                  Conj/Air       2%         1d12      99%         5
 Fireball                 Conj/Fire      2%         3d4       99%         5
 Freezing Cloud           Conj/Ice/Air   2%         6-21      99%         5
 Irradiate                Conj/Alch      2%         3d12      99%         5
 Iskenderun's Battlesphe  Conj           5%         2d6       99%         5
 Silence                  Hex/Air        2%         N/A       99%         5
 Yara's Violent Unravell  Hex/Alch       2%         3d3       99%         5
 Bombard                  Conj/Erth      12%        9d3       99%         6
 Spellforged Servitor     Conj/Summ      19%        N/A       99%         7
 Eringya's Noxious Bog    Alch           2%         4d6       100%        6
 Plasma Beam              Fire/Air       2%         2x1d12    100%        6
 Sculpt Simulacrum        Ice/Alch       2%         N/A       100%        6
 Starburst                Conj/Fire      2%         6d3       100%        6
 Enfeeble                 Hex            2%         N/A       100%        7
 Ozocubu's Refrigeration  Ice            2%         4d8       100%        7
 Discord                  Hex            2%         N/A       100%        8
 Disjunction              Tloc           15%        N/A       100%        8
 Lehudib's Crystal Spear  Conj/Erth      12%        10d4      100%        8
 Maxwell's Capacitive Co  Air            2%         ∞         100%        8
 Chain Lightning          Conj/Air       2%         3d3       100%        9
 Death's Door             Necr           33%        N/A       100%        9
 Dragon's Call            Summ           31%        N/A       100%        9
 Fire Storm               Conj/Fire      2%         8d1       100%        9
 Polar Vortex             Ice            2%         N/A       100%        9
 Shatter                  Erth           21%        3d19*     100%        9
 Animate Dead             Necr           Unusable   N/A       N/A         4
 Death Channel            Necr           Unusable   N/A       N/A         6

Dungeon Overview and Level Annotations

Branches:
Dungeon (15/15)            Temple (1/1) D:6            Lair (5/5) D:9
  Swamp (4/4) Lair:3       Spider (4/4) Lair:3        Slime (5/5) Lair:5
    Orc (2/2) D:9             Elf (3/3) Orc:2        Vaults (5/5) D:13
  Crypt (3/3) Vaults:3       Tomb (0/3) Crypt:3      Depths (4/4) D:15
    Zot (5/5) Depths:4     Bailey (visited)           IceCv (visited)
 WizLab (visited)

Altars:
Ashenzari
Cheibriados
Dithmenos
Elyvilon
Fedhas
Gozag
Hepliaklqana
Kikubaaqudgha
Makhleb
Nemelex Xobeh
Okawaru
Qazlal
Ru
Sif Muna
Trog
Uskayaw
Vehumet
Wu Jian
Xom
Yredelemnul
Zin
The Shining One
Jiyva

Shops:
D:1 (![(   Orc:2 =*[(   Elf:2 !

Portals:
Hell: Depths:1 Depths:2 Depths:3 Depths:4
Abyss: Depths:1 Depths:3
Pandemonium: Depths:2 Depths:4
Ziggurat: Depths:1

Annotations:
D:6 2 transporters, sleeves's ghost, novice CoBr
D:13 1 runed translucent door


Innate Abilities, Weirdness & Mutations

Your spellcasting is much less encumbered by armour.
You can use scrolls of enchantment on lesser artefacts.
Your skin blends seamlessly with your surroundings (Stealth++).
You possess an exceptional clarity of mind.
Armour fits poorly on your strangely shaped body.
Your body sometimes deteriorates upon taking damage.
You occasionally shout uncontrollably at your foes.
You are weak. (Str -2)
You are vulnerable to cold. (rC-)


Message History

Your surroundings suddenly seem different.
Magic restored.
You see here a +0 mace.
There is a stone staircase leading up here.
You climb upwards.
There is a stone staircase leading down here.
There is an escape hatch in the ceiling here.
A mysterious force pulls you upwards. The hatch slams shut behind you.
You see here a +0 whip.
HP restored.
There is an open door here.
There is a staircase leading out of the dungeon here.
What are your orders? t - Yell!
Orders for allies: a - Attack new target. r - Retreat! s - Stop attacking. g - Guard the area. f - Follow me.
Anything else - Cancel.
Retreat in which direction?
Press: ? - help, Dir - move target, f - you Fall back!
What are your orders? t - Yell!
Orders for allies: a - Attack new target. r - Retreat! s - Stop attacking. g - Guard the area. f - Follow me.
Anything else - Cancel.
Retreat in which direction?
Press: ? - help, Dir - move target, f - you Fall back!
What are your orders? t - Yell!
Orders for allies: a - Attack new target. r - Retreat! s - Stop attacking. g - Guard the area. f - Follow me.
Anything else - Cancel.
Retreat in which direction?
Press: ? - help, Dir - move target, f - you Fall back!
You have escaped!

.##........#.#.#.# #.........#
.##.)......#.#.#.# #.........#
.........#.#.#.#.####.........#
÷.....................>.......#
..#......#...#.######.........#
#.###...######.### #####.#####
.................# #..#
#.###.##########'#########.#
#.###.# ♣♣♣.....@..≈≈≈≈≈≈#.#
....#.#♣♣.....~~~~~~~....'.#
#...#.#♣....~~~PPP~~..)..###
#...#)#....~~PPP~~~.P...♣#
#...#.'..~~~~PP≈~.....P♣♣
#...#.#~~~~~~≈≈≈.P..♣♣♣♣
#....÷############'######
#....#### #........# #.......#
#.#..###.#


There were no monsters in sight!

Vanquished Creatures
  the Royal Jelly (Slime:5)
  2 ancient liches
  3 dread liches
  3 orbs of fire (Zot:5)
  2 juggernauts (Depths:3)
  A Killer Klown (Zot:5)
  A curse toe (Zot:3)
  4 golden dragons
  2 bone dragons
  2 electric golems (Zot:5)
  3 doom hounds (Depths:4)
  A hellephant (Vaults:4)
  11 tentacled monstrosities
  15 Orb Guardians
  5 liches
  A walking earthen tome (Depths:3)
  7 titans
  20 acid blobs
  A walking frostbound tome (Depths:2)
  A deep elf master archer (Elf:3)
  7 sphinxes
  3 death cobs
  2 thorn hunters (Swamp:3)
  9 storm dragons
  Gastronok (Lair:2)
  Kirke (Lair:4)
  6 shadow dragons
  3 revenants
  9 azure jellies
  8 rockslimes
  5 tengu reavers
  3 draconian knights
  5 frost giants
  A draconian monk (Zot:4)
  7 fire giants
  A deep elf sorcerer (Elf:3)
  A balrug (Depths:2)
  An emperor scorpion (Spider:4)
  4 ghost moths
  An iron dragon (Vaults:5)
  3 deep elf elementalists (Elf:3)
  9 vault wardens
  A caustic shrike zombie (Crypt:2)
  2 ghouls
  4 draconian annihilators
  A draconian stormcaller (Depths:4)
  A curse skull (Crypt:1)
  A juggernaut skeleton (Crypt:3)
  12 ironbound preservers
  The ghost of jejorda2 the Cleaver, a journeyman GnBe of Trog (D:13)
  2 broodmothers
  11 quicksilver oozes
  8 very ugly things
  3 formless jellyfish
  A caustic shrike skeleton (Crypt:3)
  A spriggan defender (Depths:2)
  10 stone giants
  The ghost of Testrisch the Blocker, a journeyman MiFi of Qazlal (D:13)
  2 ironbound thunderhulks
  The ghost of Rogih the Severer, a journeyman MiFi of Okawaru (D:13)
  11 deep elf annihilators
  7 vampire knights
  A bunyip (Swamp:2)
  8 dire elephants
  A deep elf demonologist (Elf:3)
  7 deep elf death magi
  8 green draconians
  5 black draconians
  3 white draconians
  3 yellow draconians
  4 purple draconians
  A bunyip (shapeshifter) (Vaults:5)
  The ghost of Xaohew Xohar the Fighter, a journeyman MDFi of Beogh (D:13)
  5 war gargoyles
  A halazid warlock (WizLab)
  2 spark wasps
  A red draconian (Zot:2)
  3 eidola (Crypt:1)
  A blizzard demon (Depths:4)
  8 ettins
  2 fire dragons (Depths:2)
  A spectral quicksilver dragon (WizLab)
  An acid blob zombie (Slime:5)
  6 jiangshi
  A shambling mangrove (Swamp:3)
  The ghost of Eghac the Mimic, a journeyman DsSh of Okawaru (D:13)
  A green death (Depths:2)
  6 deep elf high priests
  11 yaktaur captains
  3 ice dragons
  4 rakshasas
  A peacekeeper (Vaults:4)
  7 great orbs of eyes
  A salamander tyrant (Depths:3)
  3 entropy weavers
  18 vault guards
  Erolcha (D:10)
  4 ghost crabs (Crypt:3)
  A hell beast (Swamp:4)
  2 ogre magi
  A catoblepas (Lair:5)
  2 hydras
  5 alligators
  6 ironbound frosthearts
  5 spriggan air magi
  A sphinx zombie (Depths:2)
  A caustic shrike simulacrum (IceCv)
  27 dancing weapons
  10 centaur warriors
  5 boulder beetles
  8 deep troll shamans
  4 death yaks (Lair:5)
  4 tengu warriors
  2 occultists (Depths:3)
  4 demonic crawlers
  A titan zombie (WizLab)
  4 two-headed ogres
  4 vampire magi
  5 deep troll earth magi
  The ghost of sasquatch the Basher, a novice FoFi of Makhleb (D:13)
  4 orc high priests
  4 spriggan berserkers
  21 deep elf knights
  A hell knight (Vaults:4)
  A salamander mystic (Depths:3)
  3 shadow wraiths
  2 skysharks (Depths:3)
  3 soul eaters
  20 skeletal warriors
  2 iron trolls
  A fire crab (Lair:5)
  2 pharaoh ants (Spider:4)
  2 goliath frogs (Swamp:4)
  2 spriggan riders (Depths:3)
  7 orb spiders
  6 arcanists
  23 deep trolls
  An orange crystal statue (Zot:5)
  4 bog bodies (Swamp:4)
  2 glowing orange brains
  5 swamp dragons
  3 spriggan druids
  An iron giant skeleton (Crypt:2)
  3 lindwurms
  Pikel (D:5)
  3 flayed ghosts
  A glowing orange brain (shapeshifter) (Depths:3)
  10 ironbound convokers
  6 deep elf archers (Elf:1)
  5 orc knights
  2 steelbarb worms
  2 nameless horrors (Zot:5)
  4 necromancers
  A lindwurm (shapeshifter) (Depths:4)
  12 deep elf pyromancers
  A broodmother zombie (Crypt:1)
  2 will-o-the-wisps
  14 deep elf zephyrmancers
  5 wolf spiders
  20 ugly things
  A stone giant zombie (Vaults:1)
  10 phantasmal warriors
  A cyclops (shapeshifter) (Elf:3)
  A moth of wrath (shapeshifter) (D:13)
  2 shining eyes
  A frost giant skeleton (Vaults:1)
  3 salamanders (Depths:3)
  2 centaur zombies
  2 orc sorcerers
  A cyclops (D:12)
  A dire elephant zombie (Crypt:3)
  5 elephants
  2 black mambas (Lair:5)
  An elephant (shapeshifter) (Depths:3)
  A spectral centaur (D:10)
  A stone giant skeleton (Crypt:2)
  18 moths of wrath
  A meliai (D:14)
  A shock serpent zombie (Crypt:1)
  12 vault sentinels
  A spectral elf (Elf:2)
  A torpor snail (Lair:5)
  2 gargoyles (Crypt:3)
  A naga mage (Vaults:1)
  An unseen horror (shapeshifter) (D:15)
  A large abomination (Swamp:4)
  25 yaktaurs
  4 komodo dragons
  2 rime drakes
  A tormentor (Depths:4)
  2 tengu conjurers
  3 freezing wraiths
  2 golden dragon simulacra (IceCv)
  2 polar bears
  A merfolk (shapeshifter) (Elf:1)
  A queen bee (Lair:2)
  6 hornets
  2 polar bears (shapeshifter)
  3 tyrant leeches
  4 glass eyes
  12 tarantellas
  3 trolls
  A glass eye (shapeshifter) (Depths:2)
  An ettin zombie (Crypt:1)
  3 dream sheep
  8 blink frogs
  55 slime creatures
  3 jumping spiders
  A spriggan zombie (WizLab)
  3 centaur simulacra
  A blink frog (shapeshifter) (D:13)
  3 fire dragon skeletons (Crypt:3)
  4 air elementals
  4 vampires
  3 culicivoras
  5 spriggans
  9 wraiths
  4 water elementals
  Sigmund (D:4)
  A human (D:5)
  27 yaks
  6 shadows
  A dire elephant simulacrum (IceCv)
  5 wargs (Orc:1)
  5 wyverns
  5 fire elementals
  7 basilisks
  A neqoxec (D:10)
  A steam dragon (D:9)
  A hog (Lair:4)
  4 golden eyes
  3 vampire mosquitoes
  17 redbacks
  4 harpy simulacra
  A naga zombie (Crypt:3)
  4 swamp worms
  Edmund (D:5)
  2 acid dragons
  A glowing shapeshifter skeleton (Depths:3)
  13 water moccasins
  A human zombie (Vaults:4)
  A naga skeleton (Crypt:3)
  An elf zombie (Elf:1)
  4 black bears
  11 laughing skulls
  15 orc warriors
  20 wolves
  6 centaurs
  2 ogres
  A wolf (shapeshifter) (Vaults:5)
  2 boggarts (D:15)
  4 lemures
  2 elf simulacra (Elf:2)
  A gnoll sergeant (D:5)
  5 kobold brigands
  2 bullfrogs
  3 scorpions
  An earth elemental (Elf:2)
  3 wights (D:9)
  23 killer bees
  An oklob sapling (Swamp:3)
  2 howler monkeys
  3 bombardier beetles
  6 hounds
  4 jellies
  13 orc priests
  3 iguanas
  Ijyb (D:5)
  2 human skeletons (D:5)
  13 orc wizards
  4 adders
  5 gnolls (D:5)
  A white imp (D:4)
  An iguana zombie (Crypt:2)
  A ribbon worm (D:3)
  74 orcs
  7 endoplasms
  5 giant cockroaches
  7 hobgoblins
  3 jackals (D:1)
  14 kobolds
  A quokka (D:2)
  3 ball pythons
  3 bats
  A dart slug zombie (Crypt:1)
  A frilled lizard (D:1)
  7 goblins
  3 rats
1370 creatures vanquished.

Vanquished Creatures (collateral kills)
  2 dread liches
  An ancient lich (Zot:5)
  5 orbs of fire (Zot:5)
  Mennas (Vaults:2)
  2 Killer Klowns (Zot:5)
  Margery (Vaults:4)
  4 golden dragons
  A curse toe (Zot:5)
  Nikola (Spider:4)
  Norris (Depths:3)
  An electric golem (Zot:1)
  Zenata (Vaults:2)
  11 Orb Guardians (Zot:5)
  Jorgrun (Spider:1)
  A deep elf blademaster (Elf:3)
  A walking earthen tome (Depths:2)
  5 tentacled monstrosities
  2 titans
  A lich (Crypt:3)
  Grunn (Depths:4)
  2 quicksilver dragons
  4 death cobs
  9 acid blobs
  7 sphinxes
  6 storm dragons
  An ancient champion (Crypt:1)
  A thorn hunter (Swamp:3)
  5 shadow dragons
  5 tengu reavers
  3 rockslimes
  2 draconian monks
  3 fenstrider witches (Swamp:3)
  3 revenants
  A draconian knight (Zot:3)
  4 azure jellies
  7 frost giants
  5 fire giants
  4 emperor scorpions
  5 draconian shifters
  2 deep elf sorcerers (Vaults:5)
  3 ghouls
  4 draconian scorchers
  3 ghost moths (Spider:4)
  An orc warlord (Vaults:3)
  9 vault wardens
  A nameless horror (WizLab)
  A curse skull (Crypt:3)
  4 draconian annihilators
  7 ironbound preservers
  A spriggan defender (Depths:3)
  8 formless jellyfish
  6 very ugly things
  2 quicksilver oozes (Slime:5)
  2 draconian stormcallers
  10 stone giants
  3 ironbound thunderhulks
  11 purple draconians
  4 eleionomae
  5 green draconians
  9 vampire knights
  6 deep elf death magi
  A deep elf demonologist (Depths:3)
  A yellow draconian (Zot:4)
  3 war gargoyles
  2 black draconians (Zot:2)
  3 spark wasps
  5 white draconians
  3 halazid warlocks (WizLab)
  2 bunyips
  A dire elephant (Lair:5)
  2 deep elf annihilators
  4 red draconians
  4 eidola
  A merfolk javelineer (Depths:3)
  6 ettins
  2 green deaths (Swamp:4)
  7 jiangshi
  A spectral quicksilver dragon (WizLab)
  2 quicksilver dragon zombies
  3 deep elf high priests
  4 yaktaur captains
  9 hydras
  5 entropy weavers
  2 fire dragons
  A hell beast (D:12)
  2 ghost crabs
  3 rakshasas
  A salamander tyrant (Depths:3)
  3 shambling mangroves
  A peacekeeper (Vaults:4)
  A spriggan zombie (Crypt:3)
  2 spriggan air magi (Depths:2)
  13 vault guards
  5 great orbs of eyes
  A jorogumo (Spider:3)
  9 centaur warriors
  5 boulder beetles
  An ogre mage (Vaults:5)
  5 ice dragons
  4 deep troll shamans
  3 dancing weapons
  7 ironbound frosthearts
  5 alligators
  A radroach (Spider:4)
  A two-headed ogre (D:11)
  10 demonic crawlers
  6 death yaks (Lair:5)
  The ghost of jamsaran the Firebug, a novice DgFE (D:10)
  8 vampire magi
  5 tengu warriors
  4 deep troll earth magi
  2 occultists
  An orc high priest (Orc:2)
  A thrashing horror (Swamp:4)
  2 spriggan berserkers (Depths:2)
  4 hell knights
  15 skeletal warriors
  A skyshark (shapeshifter) (Vaults:2)
  2 shadow wraiths (WizLab)
  A sun demon (Depths:2)
  4 soul eaters
  2 pharaoh ants
  A shadow demon (Depths:2)
  A skyshark (Depths:3)
  A salamander mystic (Depths:3)
  7 iron trolls
  2 storm dragon skeletons
  A swamp dragon (shapeshifter) (Depths:2)
  4 goliath frogs
  A bunyip skeleton (Crypt:3)
  6 bog bodies
  14 deep trolls
  6 swamp dragons
  5 orb spiders
  8 arcanists
  2 spriggan druids
  4 spriggan riders
  10 phantasmal warriors
  A golden dragon skeleton (Depths:3)
  2 deep elf archers
  5 lindwurms
  5 flayed ghosts
  A spriggan simulacrum (Swamp:3)
  2 spectral wolf spiders (WizLab)
  6 ironbound convokers
  An orange crystal statue (IceCv)
  A steelbarb worm (Spider:3)
  6 deep elf pyromancers
  5 orc knights
  8 deep elf zephyrmancers
  6 shining eyes
  6 necromancers
  A fire giant zombie (Crypt:1)
  A stone giant zombie (Crypt:3)
  4 will-o-the-wisps
  A frost giant zombie (Depths:1)
  An oklob plant (Lair:5)
  8 wolf spiders
  An iron dragon zombie (Crypt:3)
  16 ugly things
  3 orc sorcerers
  A shadow dragon skeleton (Crypt:3)
  A spectral spriggan (WizLab)
  13 moths of wrath
  An iron dragon skeleton (Depths:2)
  A cyclops (shapeshifter) (Depths:2)
  A black mamba (Lair:5)
  2 elf skeletons (Vaults:3)
  A meliai (D:14)
  A kobold blastminer (Orc:2)
  8 salamanders
  8 elephants
  7 cane toads
  4 gargoyles
  2 eyes of devastation (Slime:5)
  3 torpor snails
  6 vault sentinels
  3 orange demons (Swamp:4)
  3 komodo dragons
  2 rime drakes (Lair:2)
  15 yaktaurs
  An unseen horror (D:12)
  3 tengu conjurers
  5 freezing wraiths
  A yellow draconian skeleton (Crypt:2)
  4 trolls
  5 harpy zombies
  A moth of wrath zombie (Zot:5)
  13 tarantellas
  A hydra skeleton (Crypt:2)
  11 hornets
  A tarantella (shapeshifter) (D:14)
  An alligator simulacrum (Swamp:3)
  A death drake skeleton (Crypt:1)
  10 dream sheep
  5 tyrant leeches
  A boulder beetle zombie (Crypt:2)
  21 blink frogs
  50 slime creatures
  A centaur simulacrum (D:10)
  18 jumping spiders
  7 spriggans
  A shadow (Crypt:3)
  8 culicivoras
  A black mamba zombie (Crypt:2)
  A vampire (Crypt:3)
  34 yaks
  6 wraiths
  4 wyverns
  A fire dragon skeleton (Crypt:3)
  A dire elephant simulacrum (Swamp:3)
  2 water elementals (Depths:3)
  A warg (Orc:1)
  A golden eye (shapeshifter) (D:13)
  A fire elemental (Elf:2)
  2 golden eyes (Slime:2)
  2 hogs (Lair:4)
  30 redbacks
  A minotaur simulacrum (Swamp:3)
  A steam dragon (D:8)
  A naga zombie (Crypt:3)
  14 vampire mosquitoes
  14 swamp worms
  4 human zombies
  A hydra simulacrum (IceCv)
  9 water moccasins
  3 human skeletons
  A fire bat skeleton (Crypt:1)
  A swamp worm (shapeshifter) (Vaults:5)
  2 swamp drakes
  4 black bears
  A blink frog zombie (Crypt:1)
  24 orc warriors
  A glowing shapeshifter skeleton (Vaults:1)
  A sky beast (D:7)
  A small abomination (D:12)
  12 wolves
  9 laughing skulls
  2 centaurs (D:14)
  A boggart (D:15)
  3 ogres
  An elf simulacrum (Elf:2)
  A phantom (D:7)
  A weeping skull (Elf:2)
  5 bullfrogs
  5 kobold brigands
  A gnoll sergeant (D:9)
  A deep troll simulacrum (Swamp:3)
  An earth elemental (Elf:2)
  2 wights (D:9)
  9 killer bees (Lair:2)
  An oklob sapling (Swamp:3)
  2 lindwurm simulacra (IceCv)
  2 howler monkeys (D:8)
  3 jellies
  6 orc priests
  2 iguanas (D:9)
  9 orc wizards
  A deep dwarf skeleton (Crypt:1)
  3 gnolls (D:9)
  A steam dragon skeleton (Crypt:2)
  40 orcs
  2 goblins (D:7)
  9 kobolds
  A spectral weapon (Vaults:5)
1163 creatures vanquished.

Vanquished Creatures (others)
  A spectral demigod (Crypt:3)
  An eldritch tentacle (Depths:2)
  A deep elf elementalist (Elf:3)
  5 spectral tentacled monstrosities
  2 doom hound zombies (Depths:4)
  A spectral ogre (Vaults:1)
  A spectral draconian (Zot:4)
  2 spectral golden dragons
  A spectral balrug (Depths:2)
  2 spectral orcs
  An acid blob zombie (Slime:5)
  3 spectral elves
  5 very ugly thing zombies
  A rakshasa (Depths:2)
  A deep elf high priest (Elf:3)
  A spectral broodmother (Depths:2)
  An ogre mage (D:13)
  6 sphinx zombies
  7 Orb Guardian zombies (Zot:5)
  A titan zombie (Vaults:2)
  2 quicksilver ooze zombies (Slime:5)
  3 storm dragon zombies
  2 deep elf knights (Elf:1)
  A spark wasp zombie (Depths:2)
  3 golden dragon zombies
  A shadow wraith (Vaults:5)
  A spectral spriggan (Depths:2)
  A spriggan druid (Swamp:1)
  3 spectral rakshasas
  A spectral green death (Depths:2)
  A bunyip zombie (Vaults:5)
  4 goliath frog zombies
  3 alligator zombies
  4 shadow dragon zombies
  2 wolf spider zombies
  A deep elf pyromancer (Elf:1)
  9 stone giant zombies
  6 fire giant zombies
  An ugly thing (D:13)
  9 ugly thing zombies
  7 frost giant zombies
  A shining eye (shapeshifter) (D:13)
  5 draconian zombies
  A spectral centaur (D:10)
  5 centaur zombies
  A spectral soul eater (Depths:3)
  A death yak zombie (Lair:5)
  A dire elephant zombie (Vaults:1)
  A spectral sun demon (Depths:2)
  A spectral swamp dragon (Swamp:4)
  11 yaktaur zombies
  3 white draconian zombies
  A red draconian zombie (Zot:4)
  A yellow draconian zombie (Zot:4)
  2 orb spider zombies (Spider:4)
  A black draconian zombie (Depths:4)
  5 purple draconian zombies
  4 redback zombies
  A spectral elephant (Lair:2)
  3 swamp worm zombies
  A tengu conjurer (D:15)
  4 green draconian zombies
  3 iron troll zombies
  2 great orb of eyes zombies
  5 hydra zombies
  2 bloated husks (Swamp:1)
  7 moth of wrath zombies
  3 tarantella zombies
  A merfolk zombie (Depths:3)
  A jumping spider zombie (Spider:4)
  A culicivora zombie (Spider:1)
  A boulder beetle zombie (Vaults:2)
  5 ettin zombies
  2 ice dragon zombies
  3 fire dragon zombies
  2 black mamba zombies (Lair:5)
  17 slime creature zombies
  A spectral hell beast (D:12)
  A spectral orange demon (Swamp:4)
  2 tyrant leech zombies (Swamp:4)
  11 tengu zombies
  An entropy weaver zombie (Vaults:2)
  13 deep troll zombies
  2 cane toad zombies (Lair:2)
  42 human zombies
  A skyshark zombie (Depths:3)
  2 dream sheep zombies (Lair:5)
  2 lindwurm zombies
  3 hornet zombies
  55 elf zombies
  2 elephant zombies (Lair:5)
  8 blink frog zombies
  2 swamp dragon zombies
  2 rime drake zombies
  7 salamander zombies (Depths:3)
  2 wyvern zombies
  A spectral boggart (D:15)
  A water moccasin zombie (Lair:5)
  5 yak zombies
  A troll zombie (Vaults:5)
  6 spriggan zombies
  7 wolf zombies
  3 bullfrog zombies
  3 boggart zombies (D:15)
  4 killer bee zombies (Lair:2)
  5 ogre zombies
  A hound zombie (D:5)
  A swamp drake zombie (Swamp:2)
  A howler monkey zombie (D:11)
  67 orc zombies
  A goblin zombie (D:5)
  3 jelly zombies
  7 kobold zombies
  27 foxfires
  13 snaplasher vines
534 creatures vanquished.

Grand Total: 3067 creatures vanquished

Notes
Turn   | Place    | Note
-------+----------+-------------------------------------------
     0 | D:1      | octoduck the Mountain Dwarf Fighter began the quest for the
                  | Orb.
     0 | D:1      | Reached XP level 1. HP: 19/19 MP: 1/1
   135 | D:1      | Found Ydwee's Weapon Shoppe.
   165 | D:1      | Reached XP level 2. HP: 21/26 MP: 2/2
   191 | D:1      | Found Hoohaeg's Distillery.
   319 | D:1      | Found Xeskoni's Weapon Boutique.
   516 | D:1      | Bought a potion of curing for 33 gold pieces
   590 | D:1      | Found Pisit's Armour Emporium.
   784 | D:1      | You fall into a shaft and drop 1 floor!
  1099 | D:2      | Reached XP level 3. HP: 31/31 MP: 3/3
  1185 | D:1      | Bought a potion of berserk rage for 55 gold pieces
  1434 | D:2      | Found a faded altar of an unknown god.
  1609 | D:3      | Reached skill level 5 in Axes
  1611 | D:3      | Identified the +7 trident "Beqyih" {flame, ^Fragile +Blink
                  | rC+ Dex+6}
  1692 | D:1      | Bought a +0 kite shield for 58 gold pieces
  1823 | D:3      | Found an iron altar of Okawaru.
  1850 | D:3      | Found an opulent altar of Gozag.
  1874 | D:3      | Reached XP level 4. HP: 26/38 MP: 4/4
  2498 | D:4      | Reached XP level 5. HP: 45/45 MP: 5/5
  2818 | D:4      | Reached XP level 6. HP: 51/51 MP: 6/6
  3028 | D:4      | Noticed Sigmund
  3035 | D:4      | Killed Sigmund
  3036 | D:4      | Reached skill level 5 in Shields
  3226 | D:5      | Entered Level 5 of the Dungeon
  3229 | D:5      | Noticed a water moccasin
  3250 | D:4      | Killed a water moccasin
  3251 | D:4      | Reached XP level 7. HP: 42/57 MP: 7/7
  4032 | D:5      | Noticed Pikel
  4223 | D:5      | Noticed Edmund
  4338 | D:5      | Found a runed translucent door.
  4338 | D:5      | Noticed a human
  4345 | D:5      | Found a basalt altar of Yredelemnul.
  4373 | D:5      | Killed a human
  4384 | D:5      | Became a worshipper of Yredelemnul the Fallen
  4443 | D:5      | Noticed Ijyb
  4459 | D:5      | Killed Ijyb
  4460 | D:5      | Reached XP level 8. HP: 63/63 MP: 8/8
  4842 | D:5      | Killed Edmund
  4843 | D:5      | Reached skill level 10 in Axes
  4923 | D:5      | Your ally Ijyb died
  4928 | D:5      | Killed Pikel
  5252 | D:6      | Found a transporter.
  5411 | D:6      | Reached XP level 9. HP: 70/71 MP: 9/9
  5996 | D:6      | Found a transporter.
  6201 | D:6      | Found an ancient bone altar of Kikubaaqudgha.
  6201 | D:6      | Found a white marble altar of Elyvilon.
  6339 | D:6      | Found a staircase to the Ecumenical Temple.
  6342 | D:6      | Reached * piety under Yredelemnul
  6402 | D:6      | Noticed sleeves's ghost (novice CoBr)
  6456 | Temple   | Entered the Ecumenical Temple
  6569 | D:7      | Reached skill level 5 in Fighting
  6569 | D:7      | Reached skill level 5 in Armour
  6683 | D:7      | Found a flagged portal.
  6698 | Bailey   | Entered a bailey
  6751 | Bailey   | Found an iron altar of Okawaru.
  6797 | Bailey   | Reached XP level 10. HP: 41/83 MP: 10/10
  7429 | D:7      | Reached ** piety under Yredelemnul
  8708 | D:9      | Reached skill level 15 in Axes
  8708 | D:9      | Reached skill level 1 in Invocations
  8741 | D:9      | Found a staircase to the Lair.
  8818 | D:9      | Reached XP level 11. HP: 61/93 MP: 13/13
  9191 | D:9      | Reached *** piety under Yredelemnul
  9219 | D:9      | Found a staircase to the Orcish Mines.
  9540 | D:10     | Entered Level 10 of the Dungeon
  9709 | D:10     | Found a blossoming altar of Fedhas.
  9803 | D:10     | Noticed Erolcha
  9845 | D:10     | Killed Erolcha
 10046 | D:10     | Noticed a two-headed ogre
 10063 | D:10     | Killed a two-headed ogre
 10075 | D:10     | Found a runed translucent gate.
 10096 | D:10     | Found a runed translucent gate.
 10106 | D:10     | Found a runed translucent gate.
 10311 | D:10     | Noticed jamsaran's ghost (novice DgFE)
 11442 | Lair:1   | Entered Level 1 of the Lair of Beasts
 11463 | Lair:1   | Reached skill level 5 in Invocations
 11494 | Lair:1   | Reached **** piety under Yredelemnul
 12691 | D:1      | Bought a +2 battleaxe of flaming for 284 gold pieces
 12920 | Lair:2   | Reached XP level 12. HP: 75/104 MP: 16/16
 13129 | Lair:2   | Found a dark tunnel.
 13426 | Lair:2   | Noticed a boulder beetle
 13442 | Lair:2   | Killed a boulder beetle
 13459 | Lair:2   | Noticed Gastronok
 13473 | Lair:2   | Killed Gastronok
 13710 | Lair:2   | Reached ***** piety under Yredelemnul
 13727 | Lair:2   | Reached skill level 10 in Fighting
 13727 | Lair:2   | Reached skill level 10 in Armour
 13829 | Lair:2   | Identified the +0 hand axe of Iconoclasm {elec, Will++
                  | rCorr Str+4 Dex-5}
 14403 | Lair:3   | Found a hole to the Spider Nest.
 14643 | Lair:3   | Reached XP level 13. HP: 84/114 MP: 18/18
 14942 | Lair:3   | Reached skill level 10 in Shields
 15269 | Lair:3   | Found a staircase to the Swamp.
 15677 | Lair:4   | You fall into a shaft and drop 1 floor!
 15677 | Lair:5   | Entered Level 5 of the Lair of Beasts
 15793 | Lair:5   | Reached skill level 1 in Evocations
 16222 | Lair:5   | Found a hide-covered altar of Uskayaw.
 16261 | Lair:5   | Found a viscous altar of Jiyva.
 16293 | Lair:5   | Reached skill level 10 in Invocations
 16516 | Lair:5   | Found a staircase to the Slime Pits.
 16869 | Lair:5   | Reached XP level 14. HP: 80/125 MP: 22/22
 17680 | Lair:5   | Reached skill level 5 in Evocations
 18626 | Lair:5   | Identified the +2 cloak of Qucah {Str+3 Stlth+}
 19171 | Lair:4   | Noticed Kirke
 19187 | Lair:4   | Killed Kirke
 20123 | Orc:1    | Entered Level 1 of the Orcish Mines
 20137 | Orc:1    | Found a burning altar of Makhleb.
 20480 | Orc:2    | Entered Level 2 of the Orcish Mines
 20618 | Orc:2    | Found a staircase to the Elven Halls.
 20770 | Orc:2    | Noticed an orc warlord
 20843 | Orc:2    | Reached ****** piety under Yredelemnul
 20853 | Orc:2    | Killed an orc warlord
 20853 | Orc:2    | Bound an orc warlord
 22397 | Orc:2    | Found Tanisam's Antique Armour Shop.
 22398 | Orc:2    | Found Hoypepn's Antique Weapon Boutique.
 22399 | Orc:2    | Found Koxeugg's General Store.
 22399 | Orc:2    | Found Adegeufe's Jewellery Shop.
 22536 | Orc:2    | Bought a fine plate armour for 616 gold pieces
 22536 | Orc:2    | Identified the +10 plate armour of the Chimera {rF+} (You
                  | bought it in a shop on level 2 of the Orcish Mines)
 22547 | Orc:2    | Bought a pair of glowing boots for 165 gold pieces
 22561 | Orc:2    | Bought an amulet of regeneration for 420 gold pieces
 23436 | Swamp:1  | Entered Level 1 of the Swamp
 23794 | Swamp:1  | Reached XP level 15. HP: 126/137 MP: 25/25
 24731 | Swamp:2  | Reached skill level 15 in Invocations
 24991 | Swamp:2  | Identified a scroll of acquirement
 24992 | Swamp:2  | Acquired the +0 helmet of Polish {rC+++ Will++ Dex-3}
 25154 | Swamp:3  | Noticed a thorn hunter
 25168 | Swamp:3  | Killed a thorn hunter
 25184 | Swamp:3  | Reached skill level 15 in Fighting
 25246 | Swamp:3  | Found a glacial archway.
 25301 | IceCv    | Entered an ice cave
 25316 | IceCv    | Found a transporter.
 25334 | IceCv    | Found a transporter.
 25865 | Swamp:3  | Noticed a fenstrider witch
 25872 | Swamp:3  | Noticed a fenstrider witch
 25873 | Swamp:3  | Killed a fenstrider witch
 25874 | Swamp:3  | Found a runed translucent door.
 25875 | Swamp:3  | Noticed a fenstrider witch
 25880 | Swamp:3  | Killed a fenstrider witch
 25883 | Swamp:3  | Killed a fenstrider witch
 26128 | Swamp:3  | Upgraded the game from 0.32-a0-391-gce5c0aab1b to
                  | 0.32-a0-433-g08bcfe7efd
 26142 | Swamp:3  | Learned a level 5 spell: Summon Forest
 26501 | Swamp:3  | Reached skill level 1 in Summonings
 26643 | Swamp:3  | Noticed a thorn hunter
 26653 | Swamp:3  | Killed a thorn hunter
 26654 | Swamp:3  | Reached skill level 1 in Translocations
 26684 | Swamp:3  | Noticed a thorn hunter
 26708 | Swamp:3  | Killed a thorn hunter
 26813 | Swamp:3  | Reached XP level 16. HP: 151/151 MP: 27/27
 26868 | Swamp:4  | Entered Level 4 of the Swamp
 27175 | Swamp:4  | Reached skill level 15 in Armour
 27563 | Swamp:4  | Found the +8 autumn katana {manifold assault}
 27579 | Swamp:4  | Reached skill level 5 in Summonings
 27599 | Swamp:4  | Found a basalt altar of Yredelemnul.
 28322 | Swamp:4  | Reached skill level 5 in Translocations
 28374 | Swamp:4  | Got a decaying rune of Zot
 29431 | D:12     | Got Gelaum's Grimoire of Ill-fated Rallying
 30048 | D:13     | Found a huge runed translucent gate.
 30048 | D:13     | Found a huge runed translucent gate.
 30048 | D:13     | Found a huge runed translucent gate.
 30048 | D:13     | Found a huge runed translucent gate.
 30048 | D:13     | Found a huge runed translucent gate.
 30048 | D:13     | Found a huge runed translucent gate.
 30048 | D:13     | Found a huge runed translucent gate.
 30048 | D:13     | Found a huge runed translucent gate.
 30048 | D:13     | Found a huge runed translucent gate.
 30049 | D:13     | Found a huge runed translucent gate.
 30052 | D:13     | Found a huge runed translucent gate.
 30052 | D:13     | Found a huge runed translucent gate.
 30053 | D:13     | Found a huge runed translucent gate.
 30053 | D:13     | Found a huge runed translucent gate.
 30056 | D:13     | Found a huge runed translucent gate.
 30064 | D:13     | Found a huge runed translucent gate.
 30070 | D:13     | Found a huge runed translucent gate.
 30070 | D:13     | Found a huge runed translucent gate.
 30070 | D:13     | Found a huge runed translucent gate.
 30071 | D:13     | Found a huge runed translucent gate.
 30072 | D:13     | Found a huge runed translucent gate.
 30072 | D:13     | Found a huge runed translucent gate.
 30073 | D:13     | Found a huge runed translucent gate.
 30073 | D:13     | Found a huge runed translucent gate.
 30076 | D:13     | Found a huge runed translucent gate.
 30076 | D:13     | Found a huge runed translucent gate.
 30304 | D:13     | Found a runed translucent door.
 30332 | D:13     | Identified the +0 leather armour of Classification {rF+
                  | Dex+3}
 30513 | D:13     | Noticed Sonja
 30520 | D:13     | Killed Sonja
 30520 | D:13     | Bound Sonja
 30629 | D:13     | Reached XP level 17. HP: 158/158 MP: 28/28
 30631 | D:13     | Found a gate to the Vaults.
 30720 | D:13     | Found a huge runed translucent gate.
 30721 | D:13     | Found a huge runed translucent gate.
 30722 | D:13     | Found a huge runed translucent gate.
 30722 | D:13     | Found a huge runed translucent gate.
 30722 | D:13     | Found a huge runed translucent gate.
 30723 | D:13     | Found a huge runed translucent gate.
 30723 | D:13     | Found a huge runed translucent gate.
 30723 | D:13     | Found a huge runed translucent gate.
 30724 | D:13     | Found a huge runed translucent gate.
 30725 | D:13     | Found a huge runed translucent gate.
 30869 | D:14     | Noticed Josephine
 30881 | D:14     | Killed Josephine
 30881 | D:14     | Bound Josephine
 31961 | D:15     | Entered Level 15 of the Dungeon
 32092 | D:15     | Found a staircase to the Depths.
 33135 | D:10     | Killed jamsaran's ghost
 33291 | D:13     | Noticed sasquatch's ghost (novice FoFi)
 33292 | D:13     | Found the brooch of Shielding {Spirit SH+8}
 33292 | D:13     | Noticed jejorda2's ghost (journeyman GnBe)
 33292 | D:13     | Noticed Xaohew Xohar's ghost (journeyman MDFi)
 33292 | D:13     | Noticed Testrisch's ghost (journeyman MiFi)
 33292 | D:13     | Noticed Eghac's ghost (journeyman DsSh)
 33292 | D:13     | Noticed Rogih's ghost (journeyman MiFi)
 33321 | D:13     | Killed sasquatch's ghost
 33322 | D:13     | Killed Rogih's ghost
 33332 | D:13     | Killed Testrisch's ghost
 33339 | D:13     | Killed Xaohew Xohar's ghost
 33343 | D:13     | Killed jejorda2's ghost
 33345 | D:13     | Killed Eghac's ghost
 33576 | Elf:1    | Entered Level 1 of the Elven Halls
 33595 | Orc:2    | HP: 4/161 [deep elf zephyrmancer/bolt of lightning (11)]
 33877 | Orc:2    | Upgraded the game from 0.32-a0-433-g08bcfe7efd to
                  | 0.32-a0-450-g080537f31e
 33989 | Spider:1 | Entered Level 1 of the Spider Nest
 34316 | Spider:1 | Noticed Jorgrun
 34327 | Spider:1 | Killed Jorgrun
 35143 | Spider:2 | Reached XP level 18. HP: 136/170 MP: 29/29
 36405 | Spider:4 | Entered Level 4 of the Spider Nest
 36406 | Spider:4 | Noticed Nikola
 36414 | Spider:4 | Killed Nikola
 36475 | Spider:4 | Identified the orb of Fun and Games {*Rage, ^Contam +Blink
                  | rF+ Str+4}
 37748 | Spider:4 | Identified the +2 hat "Xumnam Qosia" {+Inv}
 37780 | Spider:4 | Got a gossamer rune of Zot
 38699 | Depths:1 | Entered Level 1 of the Depths
 38711 | Depths:1 | Found a one-way gateway to a ziggurat.
 39085 | Depths:1 | Found a one-way gate to the infinite horrors of the Abyss.
 39136 | Depths:1 | Found a gateway to Hell.
 39570 | Depths:1 | Noticed a tentacled monstrosity
 39576 | Depths:1 | Killed a tentacled monstrosity
 39745 | Depths:1 | Found a basalt altar of Yredelemnul.
 40415 | Depths:2 | Reached XP level 19. HP: 160/182 MP: 26/30
 40604 | Depths:2 | Noticed a golden dragon
 40623 | Depths:2 | Killed a golden dragon
 40713 | Depths:2 | Reached skill level 15 in Shields
 41967 | Depths:2 | HP: 6/183 [vampire knight/vampiric draining (17)]
 41972 | Depths:2 | HP: 3/183 [vampire knight/vampiric draining (23)]
 42475 | Depths:2 | Noticed a caustic shrike
 42488 | Depths:2 | a caustic shrike changed into a golden dragon
 42488 | Depths:2 | Noticed a golden dragon
 42532 | Depths:1 | Killed a golden dragon
 43001 | Orc:2    | Bought a ring of see invisible for 210 gold pieces
 43538 | Elf:1    | Paralysed by an air elemental for 1 turns
 43542 | Elf:1    | Paralysed by an air elemental for 1 turns
 43546 | Elf:1    | Paralysed by an air elemental for 1 turns
 44470 | Elf:1    | You fall into a shaft and drop 1 floor!
 44537 | Elf:2    | Found Zosmy's Distillery.
 44546 | Elf:2    | Bought a potion of resistance for 160 gold pieces
 45444 | Elf:2    | Found a runed translucent gate.
 45445 | Elf:2    | Found a runed translucent gate.
 45445 | Elf:2    | Found a runed translucent gate.
 46706 | Elf:2    | Reached XP level 20. HP: 182/194 MP: 29/31
 48511 | Elf:3    | Entered Level 3 of the Elven Halls
 50159 | Elf:3    | Identified the ring of the Kitsune {rF+ rC+ rCorr MP+9
                  | Dex-3}
 50643 | Elf:3    | Paralysed by an air elemental for 1 turns
 50679 | Elf:3    | Paralysed by an air elemental for 1 turns
 50682 | Elf:3    | Paralysed by an air elemental for 1 turns
 50999 | Elf:3    | Identified the +5 plate armour of Rotten Contentment
                  | {Str+3}
 51063 | Elf:3    | Identified the ring "Uno Voti" {Str+5 Int+3 Dex+6}
 51066 | Elf:3    | Identified the +1 spear of Siprie {flame, *Slow rN++ Str+5}
 51066 | Elf:3    | Identified the ring "Jioles" {Wiz Dex+4 Stlth+}
 51080 | Elf:3    | Gained mutation: Your body sometimes deteriorates upon
                  | taking damage. [a neqoxec]
 51094 | Elf:3    | Gained mutation: You are weak. (Str -2) [a neqoxec]
 52831 | Elf:3    | Got the Grimoire of Anemomancy and the Deep Freeze
 52842 | Elf:3    | Identified the +9 shortbow "Lokhlosh" {freeze, rN+ Int+5}
 53193 | Vaults:1 | Entered Level 1 of the Vaults
 53700 | Vaults:1 | Learned a level 4 spell: Animate Armour
 53812 | Vaults:1 | Identified the +5 ring mail "Lyirum" {Int+3}
 54042 | Vaults:1 | Reached skill level 1 in Earth Magic
 54618 | Vaults:1 | Found a radiant altar of Vehumet.
 54624 | Vaults:1 | Identified the +0 hat of Fopsomm {^Drain rC+ Int+2}
 54625 | Vaults:1 | Identified the +2 robe of Raoritus {Rampage Dex+4}
 54627 | Vaults:1 | Identified the +1 robe of the Garden {Harm rElec Str+4
                  | Stlth+}
 55593 | Vaults:2 | Reached XP level 21. HP: 201/204 MP: 32/32
 55972 | Vaults:2 | Noticed Saint Roka
 55977 | Vaults:2 | Reached skill level 5 in Earth Magic
 55996 | Vaults:2 | Killed Saint Roka
 55996 | Vaults:2 | Bound Saint Roka
 56150 | Vaults:2 | Found the +5 glaive of the Guard {elec, spectral}
 56660 | Vaults:2 | Noticed Mennas
 56688 | Vaults:2 | Killed Mennas
 57001 | Vaults:2 | Noticed Zenata
 57021 | Vaults:2 | Killed Zenata
 57412 | Vaults:2 | Reached skill level 10 in Summonings
 57630 | Vaults:2 | Your ally Zenata died
 57796 | Vaults:2 | Learned a level 7 spell: Haunt
 58659 | Vaults:3 | Found a staircase to the Crypt.
 58659 | Vaults:3 | Found an ancient bone altar of Kikubaaqudgha.
 58659 | Vaults:3 | Found a basalt altar of Yredelemnul.
 59834 | Vaults:4 | Found a flickering gateway to a bazaar.
 59850 | Bazaar   | Entered a bazaar
 59850 | Bazaar   | Found Utojoaph's Antique Armour Shop.
 59850 | Bazaar   | Found Dock's Antique Weapon Boutique.
 59866 | Bazaar   | Found Gueg's Assorted Antiques.
 59898 | Bazaar   | Found Roniedil's Antique Armour Shoppe.
 59907 | Bazaar   | Found Gemouxze's Antique Weapon Shop.
 59954 | Bazaar   | Bought a scroll of enchant armour for 142 gold pieces
 59982 | Bazaar   | Bought a pair of heavily runed gloves for 228 gold pieces
 59982 | Bazaar   | Identified the +0 pair of gloves of Resonance {rElec} (You
                  | bought it in a shop in a bazaar)
 60088 | Vaults:4 | Reached skill level 1 in Necromancy
 60101 | Vaults:4 | Noticed Margery
 60112 | Vaults:4 | Killed Margery
 60243 | Vaults:4 | Reached XP level 22. HP: 113/214 MP: 5/33
 61171 | Vaults:4 | Reached skill level 5 in Necromancy
 61789 | Depths:2 | Identified the +1 cloak "Kajodu" {Str+3}
 61823 | Depths:2 | Identified the +4 plate armour of Autumn {Will- rCorr
                  | Str+4}
 62036 | Depths:2 | Found a one-way gate leading to the halls of Pandemonium.
 62405 | Depths:3 | Noticed a dread lich
 62434 | Depths:3 | HP: 9/182 [???[a dread lich] (4)]
 62711 | Depths:2 | Upgraded the game from 0.32-a0-450-g080537f31e to
                  | 0.32-a0-468-g38b2580584
 62939 | Depths:3 | Noticed Norris
 62952 | Depths:3 | Killed Norris
 63356 | Depths:3 | Found a portal to a secret trove of treasure.
 63621 | Depths:3 | Killed a dread lich
 63723 | Depths:3 | Got the Disquisition on Maleficent Magicks
 63728 | Depths:3 | Learned a level 3 spell: Fugue of the Fallen
 64695 | Depths:3 | Reached XP level 23. HP: 223/223 MP: 34/34
 64711 | Depths:3 | Noticed a juggernaut
 64715 | Depths:3 | Noticed a juggernaut
 64744 | Depths:3 | Killed a juggernaut
 64777 | Depths:3 | Killed a juggernaut
 64778 | Depths:3 | Reached skill level 10 in Earth Magic
 64846 | Depths:3 | Identified the +7 shortbow of Fear {antimagic, rElec rC+
                  | rN+ SInv}
 64988 | Depths:3 | You paid a toll of 4 scrolls of fog to enter a treasure
                  | trove
 64989 | Trove    | Entered a treasure trove
 64996 | Trove    | Identified the +1 broad axe of Animal Spirits {drain,
                  | ^Fragile rF+ rC++}
 65012 | Trove    | Identified the +6 hand axe of Reiniab {pain, rN++}
 65743 | Slime:1  | Entered Level 1 of the Pits of Slime
 65822 | Slime:1  | Paralysed by a formless jellyfish for 1 turns
 65827 | Slime:1  | Gained mutation: You occasionally shout uncontrollably at
                  | your foes. [a shining eye]
 66990 | Slime:4  | Reached skill level 10 in Necromancy
 67276 | Slime:3  | Gained mutation: You occasionally lose the ability to read
                  | scrolls when taking damage. [a shining eye]
 67638 | Spider:1 | Lost mutation: You are weak. (Str -2) [potion of mutation]
 67638 | Spider:1 | Lost mutation: You occasionally lose the ability to read
                  | scrolls when taking damage. [potion of mutation]
 67638 | Spider:1 | Lost mutation: Your body sometimes deteriorates upon taking
                  | damage. [potion of mutation]
 67638 | Spider:1 | Gained mutation: Your skin changes colour to match your
                  | surroundings (Stealth+). [potion of mutation]
 67638 | Spider:1 | Gained mutation: Your skin blends seamlessly with your
                  | surroundings (Stealth++). [potion of mutation]
 67761 | Slime:5  | Entered Level 5 of the Pits of Slime
 67927 | Slime:5  | Noticed the Royal Jelly
 67943 | Slime:5  | Your ally Saint Roka died
 67947 | Slime:5  | Killed the Royal Jelly
 68424 | Slime:5  | Gained mutation: Armour fits poorly on your strangely
                  | shaped body. [a shining eye]
 68426 | Slime:5  | Gained mutation: You are somewhat resistant to further
                  | mutation. [a shining eye]
 68476 | Slime:5  | Got a slimy rune of Zot
 68487 | Slime:5  | Identified the ring of Lucidity {rF+ rN+ Will+ Int+3 Dex-2}
 68513 | Slime:5  | Identified the +4 bardiche of the Thirsty Ghosts {heavy,
                  | Will- Int+3}
 68513 | Slime:5  | Found the +8 whip "Snakebite" {venom, curare, rPois}
 68545 | Slime:5  | Identified the +0 robe of Serendipity {+Blink}
 68563 | Slime:5  | Identified the +2 whip of Sowo Suin {holy, Str+3 Int+2
                  | Stlth-}
 68571 | Slime:5  | Got the Essays on Terrain
 68574 | Slime:5  | Identified the amulet "Vuvyifutz" {RegenMP Harm Will+ Str-3
                  | Stlth+}
 68884 | Slime:5  | Gained mutation: Your spells are a little easier to cast,
                  | but a little less powerful. [a shining eye]
 69401 | Depths:4 | Entered Level 4 of the Depths
 69458 | Depths:4 | Reached XP level 24. HP: 198/234 MP: 21/34
 70065 | Depths:4 | Noticed Grunn
 70127 | Depths:4 | Killed Grunn
 71350 | Depths:4 | Found a gate to the Realm of Zot.
 72922 | Crypt:1  | Entered Level 1 of the Crypt
 73635 | Crypt:1  | Identified the orb of Moegi {light, Harm rC- rCorr Stlth+}
 73635 | Crypt:1  | Noticed Frederick
 73646 | Crypt:1  | Killed Frederick
 73646 | Crypt:1  | Bound Frederick
 73983 | Crypt:2  | Found a magical portal.
 74006 | WizLab   | Entered Borgnjor's Mausoleum
 74707 | WizLab   | Reached skill level 15 in Summonings
 75707 | WizLab   | Got Kikubaaqudgha's Volume of Mortality
 75709 | WizLab   | Got Borgnjor's Grimoire of the Engineer
 76375 | Crypt:3  | Entered Level 3 of the Crypt
 76800 | Crypt:3  | Identified the ring "Qenef" {rN+ Stlth+}
 76800 | Crypt:3  | Identified the ring of Ru's Approval {rF+ rN+ SInv}
 77415 | Crypt:3  | Got Kyatacae's Book of Airborne Orientation
 77604 | Crypt:3  | Your ally Frederick died
 77693 | Crypt:3  | Reached XP level 25. HP: 235/235 MP: 34/34
 77914 | Crypt:3  | Noticed an ancient lich
 77918 | Crypt:3  | Found a staircase to the Tomb.
 77932 | Crypt:3  | Killed an ancient lich
 78196 | Crypt:3  | Identified the staff of Frustration {^Contam rPois rC++
                  | Int+5 Alchemy}
 78196 | Crypt:3  | Identified the death talisman "Vourr" {Str-3 Int+4 Stlth+}
 78197 | Crypt:3  | Identified the +7 sling "Ustozoaq" {heavy, Dex+7}
 78228 | Crypt:3  | Learned a level 5 spell: Borgnjor's Vile Clutch
 78739 | Vaults:5 | Entered Level 5 of the Vaults
 78803 | Vaults:5 | Noticed a dread lich
 78812 | Vaults:5 | Killed a dread lich
 79410 | Vaults:5 | Reached skill level 15 in Necromancy
 79686 | Vaults:5 | Identified the +3 scale mail of Negation {+Inv rF+ Str+9
                  | Int-5}
 79702 | Vaults:5 | Identified the +1 lajatang of Fabulous Fortitude {heavy,
                  | rF+ rC+}
 79707 | Vaults:5 | Identified the +2 broad axe "Upnohuoj" {spect, ^Fragile
                  | rPois SInv}
 79767 | Vaults:5 | Identified the +7 glaive of Focus {heavy, Will+ Str+4}
 79949 | Vaults:5 | Noticed an ancient lich
 79963 | Vaults:5 | Killed an ancient lich
 80447 | Vaults:5 | Identified the ring "Diffopsiu" {rC+ Int+3}
 80606 | Vaults:5 | Noticed a dread lich
 80618 | Vaults:5 | Killed a dread lich
 81227 | Vaults:5 | Noticed a dread lich
 81239 | Vaults:5 | Killed a dread lich
 81250 | Vaults:5 | Identified the +0 leather armour of Yesterday {Int+4}
 81394 | Vaults:5 | Got a silver rune of Zot
 81564 | Vaults:5 | Identified the +6 whip of Moral Flaws {spect, rElec rF+
                  | rC+}
 81577 | Vaults:5 | Reached XP level 26. HP: 232/256 MP: 32/34
 81584 | Vaults:5 | Got the Volume of Transmutation and Summoning
 81831 | Vaults:5 | Identified the +7 great mace "Demonbane" {speed, Str+5
                  | Dex-4}
 81855 | Vaults:5 | Identified the staff of Eternal Harmony {Fly rF+ rN+ Necro}
 83113 | Zot:1    | Entered Level 1 of the Realm of Zot
 84193 | Zot:2    | Got The Mind of the Magus, Volume Eight
 86318 | Zot:3    | Acquired the Folio of the Created Blink Frog
 86983 | Zot:4    | HP: 8/258 [purple draconian/bolt of dispelling energy[a
                  | purple draconian shifter] (11)]
 89355 | Zot:4    | Upgraded the game from 0.32-a0-468-g38b2580584 to
                  | 0.32-a0-473-gd044c6f0f0
 89456 | Zot:5    | Entered Level 5 of the Realm of Zot
 89755 | Zot:5    | Gained mutation: You are weak. (Str -2) [mutagenic glow]
 89762 | Zot:5    | Gained mutation: You are dopey. (Int -2) [mutagenic glow]
 89781 | Zot:5    | Gained mutation: You occasionally lose the ability to drink
                  | potions when taking damage. [mutagenic glow]
 90195 | Zot:5    | Noticed an ancient lich
 90711 | Zot:5    | Reached skill level 1 in Spellcasting
 90825 | Zot:5    | Noticed an orb of fire
 90839 | Zot:5    | Gained mutation: Your spells are easier to cast, but less
                  | powerful. [an orb of fire]
 90842 | Zot:5    | Killed an orb of fire
 90985 | Zot:5    | Lost mutation: You are somewhat resistant to further
                  | mutation. [potion of mutation]
 90985 | Zot:5    | Lost mutation: Your spells are easier to cast, but less
                  | powerful. [potion of mutation]
 90985 | Zot:5    | Lost mutation: Your spells are a little easier to cast, but
                  | a little less powerful. [potion of mutation]
 90985 | Zot:5    | Gained mutation: You are agile. (Dex +4, Str/Int -1)
                  | [potion of mutation]
 91081 | Zot:5    | Noticed a dread lich
 91123 | Zot:5    | Killed a dread lich
 91781 | Zot:5    | Noticed an orb of fire
 91941 | Zot:5    | Reached XP level 27. HP: 266/266 MP: 26/34
 91983 | Zot:5    | Noticed an orb of fire
 92010 | Zot:5    | Killed an orb of fire
 92173 | Zot:5    | Gained mutation: You are very weak. (Str -4) [an orb of
                  | fire]
 92178 | Zot:5    | Killed an orb of fire
 92334 | Zot:5    | Noticed an orb of fire
 92932 | Zot:5    | Killed an ancient lich
 93366 | Zot:5    | Gained mutation: You sometimes lose the ability to drink
                  | potions when taking damage. [an orb of fire]
 93368 | Zot:5    | Lost mutation: You are agile. (Dex +4, Str/Int -1) [an orb
                  | of fire]
 93374 | Zot:5    | Gained mutation: You are clumsy. (Dex -2) [an orb of fire]
 93377 | Zot:5    | Killed an orb of fire
 93519 | Zot:5    | Noticed an orb of fire
 93536 | Zot:5    | Gained mutation: Your body sometimes deteriorates upon
                  | taking damage. [an orb of fire]
 93539 | Zot:5    | Killed an orb of fire
 94816 | Zot:5    | Lost mutation: Armour fits poorly on your strangely shaped
                  | body. [potion of mutation]
 94816 | Zot:5    | Lost mutation: You are dopey. (Int -2) [potion of mutation]
 94816 | Zot:5    | Lost mutation: You are clumsy. (Dex -2) [potion of
                  | mutation]
 94816 | Zot:5    | Gained mutation: Your mind is acute. (Int +4, Str/Dex -1)
                  | [potion of mutation]
 94816 | Zot:5    | Lost mutation: You sometimes lose the ability to drink
                  | potions when taking damage. [potion of mutation]
 94817 | Zot:5    | Lost mutation: You are very weak. (Str -4) [potion of
                  | mutation]
 94817 | Zot:5    | Lost mutation: Your mind is acute. (Int +4, Str/Dex -1)
                  | [potion of mutation]
 94817 | Zot:5    | Gained mutation: You are partially covered in iridescent
                  | scales. (AC +2) [potion of mutation]
 95443 | Zot:5    | Noticed an orb of fire
 95449 | Zot:5    | Noticed an orb of fire
 95456 | Zot:5    | Gained mutation: You are vulnerable to cold. (rC-) [an orb
                  | of fire]
 95464 | Zot:5    | Killed an orb of fire
 95476 | Zot:5    | Killed an orb of fire
 96545 | Zot:5    | Noticed an orb of fire
 96568 | Zot:5    | Killed an orb of fire
 97354 | Zot:5    | Reached skill level 5 in Spellcasting
 97619 | Zot:5    | Lost mutation: You occasionally lose the ability to drink
                  | potions when taking damage. [potion of mutation]
 97619 | Zot:5    | Lost mutation: You are partially covered in iridescent
                  | scales. (AC +2) [potion of mutation]
 97619 | Zot:5    | Gained mutation: You are robust. (+10% HP) [potion of
                  | mutation]
 97619 | Zot:5    | Gained mutation: You possess an exceptional clarity of
                  | mind. [potion of mutation]
 97620 | Zot:5    | Got the Orb of Zot
 98034 | D:12     | Noticed Suenkae the pandemonium lord
 98084 | D:10     | Lost mutation: You are robust. (+10% HP) [a neqoxec]
 98161 | D:5      | Gained mutation: Armour fits poorly on your strangely
                  | shaped body. [a cacodemon]
 98179 | D:5      | Noticed a seraph
 98261 | D:$      | Escaped with the Orb!

Illustrated notes

Levels and vault maps discovered:
D:1:      tarquinn_simple_flora_water_c, layout_basic, serial_shops, shop, shop,
          nicolae_shop_bloodbath_and_beyond, nicolae_lakefront_shop
D:2:      layout_basic, hellmonk_ecumenical_altar_inner_sanctum,
          chequers_decorated_corner
D:3:      layout_rooms, mainiacjoe_overflow_catwalk_spiral
D:4:      layout_basic, skrybe_limestone_x, kennysheep_generic_room_11,
          uniq_sigmund
D:5:      layout_basic, dk_yredelemnul_ordeal, minmay_misc_feat_enclosed,
          minivault_19, nicolae_fountain_basement, uniq_ijyb, uniq_edmund,
          uniq_pikel
D:6:      layout_basic, gammafunk_temple_overflow_elements, temple_hall,
          gammafunk_ghost_stat_death, grunt_tough_drop
D:7:      layout_cave_pools, serial_library, serial_library_hellmonk_open_cross,
          serial_library_hellmonk_layered_room,
          serial_library_hellmonk_open_cross, serial_library_regret_index_multi,
          serial_library_hellmonk_hallway_a,
          serial_library_hellmonk_small_corner,
          serial_library_hellmonk_big_corner, serial_library_hellmonk_room_b,
          serial_library_hellmonk_room_c, enter_bailey_3
D:8:      layout_gridville, serial_library, serial_library_hellmonk_secret_room,
          serial_library_hellmonk_open_square,
          serial_library_hellmonk_open_square,
          serial_library_hellmonk_recessed_alcove,
          serial_library_hellmonk_small_corner,
          serial_library_hellmonk_open_cross,
          serial_library_hellmonk_layered_room,
          serial_library_hellmonk_statue_hall
D:9:      layout_irregular_city, minmay_lair_entry_grove, hiddenorc2_lemuel,
          nrook_campfire, nicolae_the_louvre
D:10:     layout_basic, fedhas_ov_isle_minmay, gammafunk_ghost_necromancy,
          uniq_erolcha
D:11:     layout_rooms, serial_bayou_lagoon_a
D:12:     layout_rooms
D:13:     minmay_the_grid_triangle_9x9_rhombus_thin_mashed
          [minmay_the_grid_triangle_9x9_subtriangle,
          minmay_the_grid_triangle_9x9_prize_insulated,
          minmay_the_grid_triangle_9x9_shrine,
          minmay_the_grid_triangle_9x9_longest], layout_irregular_city,
          hellmonk_vaults_order_and_chaos, gammafunk_ghost_door_vault,
          nicolae_zig_zag_zippers, uniq_sonja
D:14:     layout_gridville, bh_walls_and_bars, uniq_josephine
D:15:     gammafunk_depths_entry_grave, layout_long_grid,
          minmay_misc_feat_alley, nicolae_doodle_vault
Temple:   nicolae_temple_superstar
Lair:1:   layout_regular_city, serial_bayou_shore_b, grunt_megastairs_3
Lair:2:   regret_index_bee_streams, layout_regular_city, enter_volcano_2,
          st_stairs_9, minivault_11, uniq_gastronok
Lair:3:   layout_regular_city, mainiacjoe_swamp_entry_angry_trees,
          spider_nest_entry_webs
Lair:4:   layout_loops_ring, uniq_kirke
Lair:5:   grunt_lair_end_beastmaster, layout_loops_ring,
          nicolae_slime_entry_field_trip, basic_altar, lemuel_fruit_tree,
          infiniplex_staircase_pool
Swamp:1:  layout_basic_swamp, nicolae_swamp_trees_clearing
Swamp:2:  layout_basic_swamp, evilmike_swamp_ruin_house_1
Swamp:3:  nicolae_swamp_phyte_club, layout_basic_swamp,
          portal_ice_cave_entry_ice_simulacra, nicolae_swamp_dense_foliage,
          swamp_pool_4, nzn_swamp_weyward_sisters
Swamp:4:  swamp_vile, layout_basic_swamp, swamp_pool_4, grunt_ruined_hall,
          nicolae_swamp_long_stream
Spider:1: layout_spider_delve, guppyfry_spider_mini_2, uniq_jorgrun
Spider:2: layout_cave_pods, einodemon_crawler_minivault
Spider:3: layout_spider_delve, nicolae_spider_twisty_arc_passages
Spider:4: guppyfry_spider_rune, nicolae_spider_not_touching_you, uniq_nikola
Slime:1:  layout_caves
Slime:2:  layout_caves
Slime:3:  layout_caves
Slime:4:  layout_caves
Slime:5:  slime_pit
Orc:1:    layout_caves, basic_altar, nooodl_orcs_dogs
Orc:2:    st_orc_congregation, layout_caves
Elf:1:    eino_elf_arrival_sip, layout_geoelf_octagon, minivault_28
Elf:2:    nicolae_elf_blades_crystal_corner, layout_onion_city, serial_shops,
          nicolae_shop_crystal, serial_sigils, serial_sigils_hangedman_clutch,
          serial_sigils_hangedman_snap, nicolae_elf_deep_mausoleum
Elf:3:    minmay_elf_hall_curves, layout_geoelf_octagon
Vaults:1: ontoclasm_vaults_ring_large, nicolae_vaults_meiosis,
          nicolae_vaults_disjoint_gnomons, nicolae_vaults_ring_of_whatevers,
          ontoclasm_vaults_spin, grunt_tower_of_power, vaults_room_semicircle,
          nicolae_vaults_tetromino_L_2, vaults_dpeg_emergency_exit,
          grunt_vaults_focal, vaults_room_semicircle, layout_vaults_omnicross
Vaults:2: minmay_guarded_unrand_guard_vaults, v_rooms_5,
          nicolae_vaults_what_the_h, dpeg_vaults_monster_box, v_misc_30,
          nicolae_vaults_little_squares_5, v_misc_26, vaults_mumra_hex,
          nicolae_vaults_apartment_1, nicolae_vaults_trapezoid_lopsided_1,
          ontoclasm_vaults_gateway, nicolae_vaults_diamond_1,
          layout_vaults_chaotic_city, uniq_saint_roka, uniq_mennas, uniq_zenata
Vaults:3: vaults_dpeg_ring, nicolae_vaults_apartment_2,
          nicolae_vaults_stand_back, vaults_room_semicircle,
          nicolae_vaults_layer_cake_slice, layout_vaults_quadrants,
          minmay_crypt_entry_necro_gods
Vaults:4: st_quartered_hall, v_misc_27, v_misc_9, grunt_vaults_trifunnel,
          nicolae_vaults_specimen_jars, nicolae_vaults_tangram_2,
          nicolae_vaults_variable_pillar_hall, nicolae_vaults_stepped_doors,
          nicolae_vaults_more_shelving_1, v_alt_pattern_2,
          nicolae_vaults_asterisk, nicolae_vaults_trapezoid_3,
          layout_vaults_ring, serial_shops, bzr_entry_islet, uniq_margery
Vaults:5
Crypt:1:  layout_rooms, grunt_ministairs_6, grunt_crypt_arrival_webbed,
          uniq_frederick
Crypt:2:  layout_misc_corridors, lightli_enter_wizlab_magi_temple
Crypt:3:  quadcrypt_mu
Depths:1: layout_basic, enter_ziggurat_e, hell_entry, solitary_fountain,
          hangedman_abyss_entry_splay, minmay_crystal_room,
          minmay_gold_behind_fungi, lemuel_zombie_altar_yredelemnul
Depths:2: nicolae_herringbone, layout_gridlike, rand_demon_pan_entry_7,
          pf_dread_powers_of_hell, minmay_misc_feat_nine_boxes
Depths:3: lemuel_traditional_vault, layout_gridlike, hell_entry, special_room
          [special_room_morgue], enter_trove_2,
          nicolae_abyss_entry_one_way_or_another, uniq_norris, uniq_josephina
Depths:4: grunt_zot_entry_tricorne, layout_cave_shapes, hell_entry,
          ebering_dispersal_statue_hall, rand_demon_pan_entry_9,
          grunt_ministairs_4, uniq_grunn
Zot:1:    layout_onion, regret_index_zotdec_wing_it
Zot:2:    kennysheep_oblong_rooms, layout_onion, bh_zot_lava_cross
Zot:3:    layout_twisted_circle
Zot:4:    layout_cathedral_of_symmetry
Zot:5:    layout_basic

Skill      XL: |  1  2  3  4  5  6  7  8  9 10 11 12 13 14 15 16 17 18 19 20 21 22 23 24 25 26 27 |
---------------+----------------------------------------------------------------------------------+-----
Axes           | 3 4 5 6 7 8 9 12 13 15 16 18 | 18.0
Shields        | 4 5 6 7 8 9 10 12 14 16 17 18 19 20 21 22 23 | 23.0
Fighting       | 4 6 7 9 10 11 13 16 17 19 20 21 22 23 24 25 | 25.8
Armour         | 4 6 7 9 10 11 13 14 16 17 18 20 21 22 23 24 25 | 25.7
Invocations    | 3 6 7 11 14 15 | 15.8
Evocations     | 4 6 7 8 |  8.1
Summonings     | 1 6 8 11 13 14 15 16 17 | 17.3
Translocations | 1 5 6 |  6.5
Earth Magic    | 4 8 9 10 | 10.0
Necromancy     | 3 8 12 14 16 18 | 18.5
Spellcasting   | 2 5 |  5.3

Action                     |  1- 3 |  4- 6 |  7- 9 | 10-12 | 13-15 | 16-18 | 19-21 | 22-24 | 25-27 || total
---------------------------+-------+-------+-------+-------+-------+-------+-------+-------+-------++-------
  Melee: War axe           |   102 |   126 |   394 |    81 |       |       |       |       |       ||   703
         Broad axe         |       |       |       |   530 |   873 |  1288 |  1770 |  1320 |  1005 ||  6786
         Battleaxe         |       |       |       |       |     4 |       |       |       |       ||     4
  Throw: Dart              |       |       |     6 |     2 |     4 |       |       |       |       ||    12
         Javelin           |       |       |       |     1 |     6 |     2 |       |       |       ||     9
   Cast: Animate Armour    |       |       |       |       |       |       |     1 |    38 |    58 ||    97
         Summon Forest     |       |       |       |       |       |       |     1 |    27 |    32 ||    60
         Fugue of the Fall |       |       |       |       |       |       |       |     9 |    14 ||    23
         Borgnjor's Vile C |       |       |       |       |       |       |       |       |    33 ||    33
         Haunt             |       |       |       |       |       |       |       |       |    19 ||    19
 Invoke: Light the Black T |       |       |     3 |     7 |     8 |    13 |     6 |    11 |     6 ||    54
         Recall Undead Har |       |       |       |     3 |     8 |     4 |     5 |     7 |     4 ||    31
         Bind Soul         |       |       |       |     2 |     4 |     8 |     7 |     2 |     3 ||    26
         Hurl Torchlight   |       |       |       |     1 |     2 |     1 |     1 |       |     2 ||     7
         Fathomless Shackl |       |       |       |       |     2 |       |     3 |     2 |       ||     7
  Evoke: Wand              |       |       |     6 |     9 |     8 |    10 |     6 |       |     2 ||    41
         Sack of spiders   |       |       |       |       |     1 |     3 |     3 |     1 |     1 ||     9
         Lightning rod     |       |       |       |       |       |     7 |     7 |     8 |     6 ||    28
         Phantom mirror    |       |       |       |       |       |       |     2 |       |     1 ||     3
         Tin of tremorston |       |       |       |       |       |       |     1 |     2 |     2 ||     5
    Use: Scroll            |     6 |     2 |     2 |     8 |    10 |    10 |    20 |     3 |     7 ||    68
         Potion            |       |     1 |       |     4 |     6 |     3 |     3 |     8 |    25 ||    50
   Stab: Distracted        |       |       |     1 |     7 |    19 |    28 |    29 |    44 |    37 ||   165
         Invisible         |       |       |     1 |     1 |       |    43 |       |       |       ||    45
         Petrified         |       |       |       |       |     2 |       |       |       |       ||     2
         Confused          |       |       |       |       |       |     1 |       |       |       ||     1
         Held in net/web   |       |       |       |       |       |       |     4 |       |       ||     4
 Armour: Scale mail        |    58 |       |       |       |       |       |       |       |       ||    58
         Plate armour      |    16 |    83 |   110 |       |   365 |  1196 |   862 |   601 |   626 ||  3859
         Chain mail        |       |       |   140 |   383 |   354 |       |       |       |       ||   877
  Dodge: Dodged            |    39 |    29 |   114 |   213 |   286 |   230 |   131 |   120 |   121 ||  1283
  Block: Buckler           |    28 |       |       |       |       |       |       |       |       ||    28
         Kite shield       |     8 |    51 |   172 |   274 |   451 |   120 |       |       |       ||  1076
         Tower shield      |       |       |       |       |       |  1779 |  2214 |  1678 |  1447 ||  7118
         Reflection        |       |       |       |       |       |    33 |   171 |    30 |    37 ||   271

Table legend: (Time is in decaauts)
 A = Elapsed time spent in this place.
 B = Non-inter-level travel time spent in this place.
 C = Inter-level travel time spent in this place.
 D = Time resting spent in this place.
 E = Time spent auto-exploring this place.
 F = Levels seen in this place.
 G = Mean time per level.
                   A        B        C        D        E       F      G
               +--------+--------+--------+--------+--------+-----+--------+
         Total |  97689 |  87111 |  10578 |  29846 |  30040 |  61 | 1601.5 |
       Dungeon |  18764 |  14708 |   4056 |   2608 |   7479 |  15 | 1250.9 |
        Temple |      1 |      1 |      0 |      0 |      0 |   1 |    1.0 |
          Lair |   8983 |   8291 |    692 |   2194 |   3070 |   5 | 1796.6 |
         Swamp |   4815 |   4620 |    195 |    960 |   1950 |   4 | 1203.8 |
   Spider Nest |   4348 |   4097 |    251 |    733 |   2209 |   4 | 1087.0 |
    Slime Pits |   3177 |   2792 |    385 |    477 |   1589 |   5 |  635.4 |
  Orcish Mines |   4067 |   3271 |    796 |   1214 |    907 |   2 | 2033.5 |
   Elven Halls |   9601 |   9164 |    437 |   5094 |   1368 |   3 | 3200.3 |
        Vaults |  11963 |  10485 |   1478 |   2900 |   3850 |   5 | 2392.6 |
         Crypt |   4171 |   3814 |    357 |    736 |   1628 |   3 | 1390.3 |
        Depths |  11556 |  10245 |   1311 |   4338 |   2441 |   4 | 2889.0 |
           Zot |  13592 |  12975 |    617 |   7204 |   3267 |   5 | 2718.4 |
        Bazaar |    149 |    149 |      0 |      0 |     44 |   1 |  149.0 |
         Trove |     51 |     51 |      0 |      0 |      0 |   1 |   51.0 |
        Bailey |    324 |    324 |      0 |    118 |     54 |   1 |  324.0 |
      Ice Cave |    386 |    386 |      0 |    289 |      0 |   1 |  386.0 |
        Wizlab |   1731 |   1731 |      0 |    981 |    181 |   1 | 1731.0 |
               +--------+--------+--------+--------+--------+-----+--------+

Top non-repeatable levels by time:
   Zot:5: 7020 daAuts
   Elf:3: 4390 daAuts
   Elf:2: 3705 daAuts
Depths:2: 3526 daAuts
Depths:4: 3477 daAuts
  Lair:5: 3447 daAuts
Vaults:5: 3224 daAuts
   Orc:2: 2993 daAuts
Vaults:2: 2833 daAuts
Depths:3: 2488 daAuts
 Crypt:3: 2401 daAuts
Vaults:3: 2214 daAuts
Vaults:1: 2189 daAuts
   Zot:3: 2082 daAuts
Depths:1: 2064 daAuts
